 Dungeon Crawl Stone Soup version 0.23.0-3-gf3c87f2 (webtiles) character file.

Game seed: 767441269120261861

14634 JeffiDaFish the Destroyer (level 11, -8/148 HPs)
             Began as a Red Draconian Conjurer on Feb 20, 2019.
             Was an Elder of Sif Muna.
             Mangled by a yak (12 damage)
             ... on level 1 of the Lair of Beasts.
             The game lasted 00:58:15 (16934 turns).

JeffiDaFish the Destroyer (Red Draconian Conjurer) Turns: 16934, Time: 00:58:15

Health: -8/148     AC: 10    Str: 16    XL:     11   Next: 91%
Magic:  18/23      EV: 12    Int: 18    God:    Sif Muna [****..]
Gold:   855        SH:  0    Dex: 12    Spells: 9/26 levels left

rFire    + + .     SeeInvis .   h - +4 dagger
rCold    . . .     Gourm    .   (no shield)
rNeg     . . .     Faith    .   (armour unavailable)
rPois    +         Spirit   .   (helmet restricted)
rElec    .         Reflect  .   a - +0 cloak
rCorr    .         Harm     .   (no gloves)
MR       +....                  c - +1 pair of boots
Stlth    ..........             (no amulet)
HPRegen  0.74/turn              m - ring of protection from fire
MPRegen  0.18/turn              (no ring)

@: berserking, divine energy, very quick
A: breathe fire, unfitting armour, horns 1, fire resistance 1, magic resistance
1, poison resistance, regeneration 1, cold-blooded, AC +7
a: Breathe Fire, Stop Divine Energy, Channel Magic, Forget Spell, Renounce
Religion


You were on level 1 of the Lair of Beasts.
You worshipped Sif Muna.
Sif Muna was greatly pleased with you.
You were not hungry.

You visited 3 branches of the dungeon, and saw 13 of its levels.

You collected 891 gold pieces.
You spent 36 gold pieces at shops.

Inventory:

Hand Weapons
 h - a +4 dagger (weapon)
Armour
 a - a +0 cloak (worn)
 c - a +1 pair of boots (worn)
Jewellery
 m - a ring of protection from fire (left hand)
Wands
 i - a wand of flame (36)
 l - a wand of iceblast (7)
 n - a wand of disintegration (12)
 r - a wand of enslavement (9)
 s - a wand of digging (4)
Scrolls
 e - a scroll of teleportation
 f - 10 scrolls of identify
 g - 11 scrolls of remove curse
Potions
 j - a potion of mutation
 k - 4 potions of curing
 o - a potion of ambrosia
 p - a potion of might
Comestibles
 b - 16 rations
 d - 3 chunks of flesh


   Skills:
 - Level 10.0 Fighting
 - Level 1.8 Dodging
 - Level 1.9 Stealth
 - Level 8.0 Spellcasting
 * Level 13.7 Conjurations
 + Level 7.3 Fire Magic


You had 9 spell levels left.
You knew the following spells:

 Your Spells              Type           Power        Failure   Level  Hunger
a - Magic Dart            Conj           ####         1%          1    None
b - Searing Ray           Conj           ######       1%          2    None
c - Dazzling Spray        Conj/Hex       ####..       1%          3    #......
d - Iskenderun's Mystic   Conj           ######..     1%          4    ###....
e - Conjure Flame         Conj/Fire      #####...     1%          3    #......
f - Force Lance           Conj/Tloc      ####....     6%          4    ###....

Your spell library contained the following spells:

 Spells                   Type           Power        Failure   Level  Hunger
 Throw Frost              Conj/Ice       ####..       1%          2    None
 Mephitic Cloud           Conj/Pois/Air  ###.....     4%          3    #......
 Fulminant Prism          Conj/Hex       ####......   6%          4    ###....
 Throw Icicle             Conj/Ice       ####....     6%          4    ###....
 Freeze                   Ice            #...         10%         1    None
 Poisonous Vapours        Pois/Air       #.....       14%         2    None
 Ozocubu's Armour         Chrm/Ice       #.......     28%         3    #......
 Summon Ice Beast         Ice/Summ       #.......     67%         4    ###....
 Freezing Cloud           Conj/Ice/Air   ###.......   92%         6    ######.
 Ring of Flames           Chrm/Fire      ###.......   100%        7    #######


Dungeon Overview and Level Annotations

Branches:
Dungeon (10/15)            Temple (1/1) D:6            Lair (2/6) D:8
  Swamp: Lair:2-4    Shoals: Lair:2-4     Snake: Lair:2-4    Spider: Lair:2-4
    Orc: D:9-12

Altars:
Ashenzari
Cheibriados
Dithmenos
Fedhas
Gozag
Hepliaklqana
Makhleb
Nemelex Xobeh
Okawaru
Qazlal
Ru
Sif Muna
Trog
Vehumet
Wu Jian
Xom
Zin

Shops:
D:4 !   D:7 %

Annotations:
D:6 2 runed translucent doors, ashizen's ghost, novice GnTm
D:8 3 runed translucent doors, Birdy's ghost, novice CeGl
D:10 Nergalle


Innate Abilities, Weirdness & Mutations

You can breathe blasts of fire.
Your fiery red scales are hard. (AC +7)
You cannot fit into any form of body armour.
Your flesh is heat resistant. (rF+)
You are cold-blooded and may be slowed by cold attacks.
You have a pair of small horns on your head.
You are resistant to hostile enchantments. (MR+)
Your system is resistant to poisons. (rPois)
Your natural rate of healing is unusually fast.


Message History

The yak closely misses you.
The yak gores the fungus!
The spiny frog stings you!
* * * LOW HITPOINT WARNING * * *
You hit the spiny frog. You tail-slap the spiny frog.
The spiny frog is heavily wounded.
The yak barely misses you.
The yak gores the fungus.
You barely miss the spiny frog. Your headbutt misses the spiny frog.
The spiny frog is heavily wounded.
The spiny frog is no longer blind.
The spiny frog stings you!
* * * LOW HITPOINT WARNING * * *
The yak barely misses you.
You are too berserk!
You barely miss the spiny frog. You tail-slap the spiny frog.
The spiny frog is severely wounded.
The spiny frog barely misses you.
The yak gores the fungus!
You puncture the spiny frog! You headbutt the spiny frog.
You kill the spiny frog!
Sif Muna accepts your kill. The yak gores you!
You die...

#.## #.##.#.#.......#.#
#..####................##
#...##...##.#.#####..##.#
##.###...###### #..####
#.......[.# #....# ##..###..##
#.#.## #..# ##.## #...##
#..###..P#########.#.P#
#####......YY@†........#.##
###...........P##..###.#.#.#
##.#.###..P.#######.# #.###.#
..........#..# #.###..##.#
.###[####.#.## ##..#..###.#
####.####.#.# ###P.#.......#
#P#...##..#.####....#.....#.##
......##.....................#
#.........###.............#.##


You could see 2 yaks.

Vanquished Creatures
  Josephine (D:9)
  A hydra (Lair:1)
  A two-headed ogre (D:9)
  Pikel (D:5)
  A black mamba (Lair:1)
  3 spiny frogs (Lair:1)
  2 komodo dragons (Lair:1)
  4 trolls
  3 hippogriffs
  5 wraiths (D:9)
  5 yaks (Lair:1)
  2 basilisks (D:8)
  Grum (D:10)
  Purgy (D:4)
  2 slaves (D:5)
  6 porcupines
  An orc warrior (D:6)
  3 sky beasts
  4 ice beasts
  2 black bears
  5 ogres
  A necrophage (D:7)
  7 wolves
  2 centaurs (D:5)
  5 crocodiles
  Blork the orc (D:4)
  5 bullfrogs
  5 gnoll sergeants
  4 scorpions
  9 killer bees
  3 electric eels
  4 howler monkeys
  4 crimson imps
  A bullfrog zombie (D:6)
  A quasit (D:9)
  A gnoll shaman (D:7)
  12 orc priests
  Crazy Yiuf (D:3)
  14 hounds
  4 jellies
  9 orc wizards
  Natasha (twice) (D:4)
  A bullfrog skeleton (D:6)
  Terence (D:3)
  An iguana (D:5)
  6 worker ants
  2 hound zombies
  A hound skeleton (D:7)
  A howler monkey zombie (D:9)
  A worker ant zombie (D:6)
  Robin (D:3)
  35 gnolls
  14 adders
  3 shadow imps
  An ooze (D:1)
  2 adder skeletons (D:4)
  An adder zombie (D:9)
  3 worms
  4 dart slugs
  4 leopard geckos
  39 orcs
  4 ball pythons
  9 bats
  5 giant cockroaches
  10 goblins
  18 hobgoblins
  15 jackals
  7 kobolds
  4 quokkas
  4 frilled lizards
  6 rats
352 creatures vanquished.

Vanquished Creatures (others)
  An orc (D:6)
  A giant cockroach (D:6)
  4 fungi
  3 plants
9 creatures vanquished.

Grand Total: 361 creatures vanquished

Notes
Turn   | Place    | Note
-------+----------+-------------------------------------------
     0 | D:1      | JeffiDaFish the Draconian Conjurer began the quest for the
                  | Orb.
     0 | D:1      | Reached XP level 1. HP: 14/14 MP: 3/3
   108 | D:1      | Reached XP level 2. HP: 19/20 MP: 0/5
   583 | D:1      | Reached XP level 3. HP: 27/27 MP: 3/6
   694 | D:1      | Learned a level 2 spell: Searing Ray
   698 | D:1      | Learned a level 3 spell: Dazzling Spray
  1245 | D:2      | Reached skill level 1 in Fighting
  1246 | D:2      | Reached skill level 5 in Conjurations
  1374 | D:2      | Reached XP level 4. HP: 29/35 MP: 3/7
  2536 | D:3      | Found a runed translucent door.
  2537 | D:3      | Noticed Crazy Yiuf
  2544 | D:3      | Killed Crazy Yiuf
  2544 | D:3      | Reached XP level 5. HP: 22/41 MP: 4/9
  3073 | D:3      | Reached skill level 6 in Conjurations
  3198 | D:3      | Reached XP level 6. HP: 50/50 MP: 2/10
  3444 | D:3      | Noticed Terence
  3455 | D:3      | Killed Terence
  3458 | D:3      | Gained mutation: Your system is resistant to poisons.
                  | (rPois) [potion of mutation]
  3458 | D:3      | Gained mutation: You are resistant to hostile enchantments.
                  | (MR+) [potion of mutation]
  3458 | D:3      | Gained mutation: Your natural rate of healing is unusually
                  | fast. [potion of mutation]
  3458 | D:3      | Gained mutation: You have a pair of small horns on your
                  | head. [potion of mutation]
  3785 | D:3      | Noticed Robin
  3827 | D:3      | Killed Robin
  3909 | D:3      | Learned a level 4 spell: Iskenderun's Mystic Blast
  4389 | D:4      | Noticed Purgy
  4541 | D:4      | Killed Purgy
  4541 | D:4      | Your scales start taking on a fiery red colour.
  4541 | D:4      | Reached XP level 7. HP: 17/57 MP: 0/12
  4541 | D:4      | Gained mutation: Your flesh is heat resistant. (rF+) [Red
                  | Draconian growth]
  4685 | D:4      | Found Goturel's Distillery.
  4695 | D:4      | Bought a potion of curing for 36 gold pieces
  4773 | D:4      | Noticed Blork the orc
  4787 | D:4      | Killed Blork the orc
  4864 | D:4      | Reached skill level 7 in Conjurations
  5306 | D:4      | Noticed Natasha
  5312 | D:4      | Killed Natasha
  5604 | D:5      | Entered Level 5 of the Dungeon
  5799 | D:5      | Noticed a troll
  5942 | D:5      | Reached XP level 8. HP: 67/67 MP: 7/14
  6123 | D:5      | Reached skill level 8 in Conjurations
  6424 | D:5      | Reached skill level 5 in Fighting
  6539 | D:4      | Noticed Natasha
  6543 | D:4      | Killed Natasha
  6619 | D:6      | Reached skill level 5 in Spellcasting
  6649 | D:6      | Found a glowing silver altar of Zin.
  6894 | D:6      | Reached skill level 9 in Conjurations
  7164 | D:6      | Reached XP level 9. HP: 73/75 MP: 10/17
  7257 | D:6      | Found an iron altar of Okawaru.
  7307 | D:5      | Killed a troll
  7532 | D:6      | Noticed Pikel
  7647 | D:5      | Killed Pikel
  7647 | D:5      | Reached skill level 10 in Conjurations
  8247 | D:6      | Found a stormy altar of Qazlal.
  8284 | D:6      | Found a staircase to the Ecumenical Temple.
  8293 | Temple   | Entered the Ecumenical Temple
  8352 | Temple   | Became a worshipper of Sif Muna the Loreminder
  8412 | D:6      | Found a large runed translucent door.
  8417 | D:6      | Found a large runed translucent door.
  8488 | D:6      | Noticed ashizen's ghost (novice GnTm)
  9081 | D:7      | Reached * piety under Sif Muna
  9181 | D:7      | Found Pear's Food Emporium.
  9422 | D:7      | Found a radiant altar of Vehumet.
  9609 | D:7      | Reached skill level 11 in Conjurations
  9609 | D:7      | Reached XP level 10. HP: 81/86 MP: 8/20
 10120 | D:7      | Learned a level 3 spell: Conjure Flame
 10178 | D:7      | Reached ** piety under Sif Muna
 10408 | D:7      | Reached skill level 1 in Fire Magic
 10795 | D:7      | Found a burning altar of Makhleb.
 11106 | D:8      | Noticed Birdy's ghost (novice CeGl)
 11127 | D:8      | Found a runed translucent gate.
 11127 | D:8      | Found a runed translucent gate.
 11127 | D:8      | Found a runed translucent gate.
 11476 | D:8      | Found a hazy altar of Hepliaklqana.
 12035 | D:8      | Found a staircase to the Lair.
 12163 | D:8      | Reached *** piety under Sif Muna
 12589 | D:9      | Reached skill level 12 in Conjurations
 13253 | D:9      | Reached XP level 11. HP: 95/95 MP: 0/22
 13820 | D:10     | Entered Level 10 of the Dungeon
 13820 | D:10     | Noticed Grum
 14173 | D:10     | Killed Grum
 14446 | D:10     | Noticed Josephine
 14459 | D:9      | Killed Josephine
 14459 | D:9      | Reached skill level 5 in Fire Magic
 14530 | D:10     | Noticed a two-headed ogre
 14786 | D:9      | Killed a two-headed ogre
 14786 | D:9      | Reached **** piety under Sif Muna
 15170 | D:10     | Noticed Nergalle
 15434 | Lair:1   | Entered Level 1 of the Lair of Beasts
 15515 | Lair:1   | Noticed a six-headed hydra
 15526 | Lair:1   | Reached skill level 13 in Conjurations
 15612 | Lair:1   | Killed a six-headed hydra
 16057 | Lair:1   | Reached skill level 10 in Fighting
 16477 | Lair:1   | Learned a level 4 spell: Force Lance
 16932 | Lair:1   | HP: 3/148 [spiny frog (13)]
 16934 | Lair:1   | Mangled by a yak

Skill      XL: |  1  2  3  4  5  6  7  8  9 10 11 |
---------------+----------------------------------+-----
Fighting       | 1 2 3 4 6 7 8 10 | 10.0
Conjurations   | 5 6 7 9 11 12 13 | 13.7
Spellcasting   | 3 4 5 6 7 8 |  8.0
Fire Magic     | 4 7 |  7.3
Dodging        | |  1.8
Stealth        | |  1.9

Action                   |  1- 3 |  4- 6 |  7- 9 | 10-12 || total
-------------------------+-------+-------+-------+-------++-------
Melee: Hand axe          |    30 |    16 |       |       ||    46
       Tailslap          |     5 |    11 |    13 |    18 ||    47
       Dagger            |       |    91 |   182 |   190 ||   463
       Headbutt          |       |     8 |    24 |    32 ||    64
 Cast: Magic Dart        |    66 |    88 |   167 |   145 ||   466
       Searing Ray       |     2 |    18 |    40 |    55 ||   115
       Dazzling Spray    |       |     4 |    19 |    31 ||    54
       Iskenderun's Myst |       |       |     4 |    89 ||    93
       Conjure Flame     |       |       |       |     9 ||     9
Invok: Divine Energy     |       |       |       |     1 ||     1
 Abil: Breathe Fire      |       |       |     2 |     2 ||     4
Evoke: Wand              |       |       |       |     1 ||     1
  Use: Scroll            |     2 |     3 |     6 |     4 ||    15
       Potion            |     2 |     4 |     3 |     7 ||    16
 Stab: Invisible         |       |     2 |     1 |     1 ||     4
       Sleeping          |       |     1 |     3 |       ||     4
  Eat: Chunk             |     3 |    11 |    18 |    31 ||    63
       Ration            |       |       |       |     1 ||     1
Armor: Skin              |    13 |    60 |   105 |   133 ||   311
Dodge: Dodged            |    26 |   100 |   208 |   246 ||   580
